 Dungeon Crawl Stone Soup version 0.27-a0-1579-g97d2440184 (webtiles) character file.

Game seed: 13561122360036113542

308 voltaire321 the Insei (level 6, -3/41 HPs)
             Began as an Octopode Transmuter on July 18, 2021.
             Splashed by a jelly's acid (5 damage)
             ... on level 3 of the Dungeon.
             The game lasted 00:08:20 (4532 turns).

voltaire321 the Insei (Octopode Transmuter)         Turns: 4532, Time: 00:08:20

Health: -3/41      AC: -15   Str:  9    XL:     6   Next: 40%
Magic:  10/10      EV: 14    Int: 22    God:
Gold:   47         SH:  5    Dex: 14    Spells: 5/11 levels left

rFire    . . .     SeeInvis .   a - +0 dagger
rCold    . . .     Faith    .   (no shield)
rNeg     . . .     Spirit   .   (helmet currently unavailable)
rPois    .         Reflect  +   f - amulet of reflection
rElec    .         Harm     .   e - +6 ring of intelligence
rCorr    .         Rampage  .   (no ring)
Will     .....                  (no ring)
Stlth    ++........             (no ring)
HPRegen  0.13/turn              (no ring)
MPRegen  0.12/turn              (no ring)
                                (no ring)
                                (no ring)

@: appendages, corroded
A: tentacle spike 3, almost no armour, amphibious, 8 rings, camouflage 1,
gelatinous body 1, (nimble swimmer 1), tentacles
a: End Transformation


You were on level 3 of the Dungeon.
One of your tentacles had grown a beastly spike.
You visited 1 branch of the dungeon, and saw 4 of its levels.

You collected 102 gold pieces.
You spent 55 gold pieces at shops.

Inventory:

Hand Weapons
 a - a +0 dagger (weapon)
Missiles
 b - 38 poisoned darts (quivered)
Jewellery
 e - a +6 ring of intelligence (left tentacle)
 f - an amulet of reflection (around mantle)
Scrolls
 d - a scroll of amnesia {unknown}
 h - a scroll of noise {unknown}
 i - a scroll of silence {unknown}
 k - 3 scrolls of identify {unknown}
 l - a scroll of summoning {unknown}
 m - 2 scrolls of teleportation {unknown}
 n - a scroll of enchant armour {unknown}
Potions
 c - a potion of might {unknown}
 g - a potion of curing {unknown}
 j - a potion of flight {unknown}
 o - a potion of attraction {unknown}
 p - a potion of haste {unknown}


   Skills:
 + Level 2.7 Fighting
 + Level 3.2 Dodging
 + Level 4.0 Unarmed Combat
 + Level 3.0 Spellcasting
 + Level 3.2 Transmutations
 + Level 2.1 Poison Magic


You had 5 spell levels left.
You knew the following spells:

 Your Spells              Type           Power      Damage    Failure   Level
a - Beastly Appendage     Tmut           34%        N/A       3%          1
b - Wereblood             Tmut           17%        N/A       4%          2
c - Spider Form           Tmut/Pois      7%         N/A       12%         3

Your spell library contained the following spells:

 Spells                   Type           Power      Damage    Failure   Level
 Animate Skeleton         Necr           6%         N/A       12%         1
 Apportation              Tloc           6%         N/A       12%         1
 Corona                   Hex            3%         N/A       12%         1
 Summon Small Mammal      Summ           12%        N/A       12%         1
 Ice Form                 Ice/Tmut       10%        N/A       54%         4


Dungeon Overview and Level Annotations

Branches:
Dungeon (4/15)
 Temple: D:4-7

Altars:

Shops:
D:2 !*(

Annotations:
D:3 1 runed translucent door, Crazy Yiuf


Innate Abilities, Weirdness & Mutations

One of your tentacles has grown a beastly spike.
You cannot wear most types of armour.
You are amphibious.
You can wear up to eight rings at the same time.
Your skin changes colour to match your surroundings (Stealth+).
Your rubbery body absorbs attacks. (AC +1, EV +1)
((You are camouflaged near water. (Stealth+)))
You have tentacles for arms and can constrict up to eight enemies at once.


Message History

Level annotation: 1 runed translucent door, Crazy Yiuf
There is a stone staircase leading down, spattered with blood here.
You start resting.
You are no longer corroded.
You start resting.
HP restored.
Casting: Beastly Appendage (safe; 3% risk of failure)
Confirm with . or Enter, or press ? or * to list all spells.
One of your tentacles grows a vicious spike.
You climb downwards.
The jackal skeleton closely misses you. The jelly hits you.
The acid corrodes you!
You are splashed with acid!
There is a stone staircase leading up, spattered with blood here.
You hit the jelly but do no damage. The acid corrodes you!
Your tentacles burn!
The jackal skeleton closely misses you. The jelly misses you.
The jackal skeleton closely misses you.
You hit the jelly but do no damage. The acid corrodes you!
Your tentacles burn!
You pierce the jelly, but do no damage.
You squeeze the jelly, but do no damage.
The jelly misses you. You block the jackal skeleton's attack.
The jelly closely misses you. The jackal skeleton bites you.
You climb upwards.
Level annotation: 1 runed translucent door, Crazy Yiuf
There is a stone staircase leading down, spattered with blood here.
You completely miss the jelly.
Your tentacle spike misses the jelly.
The jelly hits you. The acid corrodes you!
You are splashed with acid!
* * * LOW HITPOINT WARNING * * *
You hit the jelly but do no damage. The acid corrodes you!
Your tentacles burn!
* * * LOW HITPOINT WARNING * * *
You pierce the jelly, but do no damage.
The jelly closely misses you.
You hit the jelly but do no damage.
Your tentacles burn!
* * * LOW HITPOINT WARNING * * *
You pierce the jelly.
The jelly is moderately wounded.
You block the jelly's attack.
You completely miss the jelly.
You pierce the jelly, but do no damage.
The jelly is moderately wounded.
The jelly hits you.
* * * LOW HITPOINT WARNING * * *
The acid corrodes you!
You are splashed with acid.
You die...

######################
.....................#
##################.###
#.# #.# #.#
##################.#
.............[..@#.#
###.......######J#.#
#................#
#........#####.###
########.# #.# #.# #.#
#.# #<# #.# #.# #.#
#.#


You could see a jelly.

Vanquished Creatures
  Sigmund (D:3)
  A scorpion (D:3)
  A howler monkey skeleton (D:4)
  4 adders
  An ufetubus (D:4)
  A worm (D:2)
  A dart slug (D:2)
  2 orcs (D:3)
  4 endoplasms
  A giant cockroach (D:1)
  2 goblins
  3 hobgoblins (D:1)
  5 jackals
  2 quokkas
  9 ball pythons
  6 bats
  2 frilled lizards
  4 kobolds
  5 rats
55 creatures vanquished.

Vanquished Creatures (others)
  2 demonic plants (D:3)
2 creatures vanquished.

Grand Total: 57 creatures vanquished

Notes
Turn   | Place    | Note
-------+----------+-------------------------------------------
     0 | D:1      | voltaire321 the Octopode Transmuter began the quest for the
                  | Orb.
     0 | D:1      | Reached XP level 1. HP: 13/13 MP: 3/3
   170 | D:1      | Reached XP level 2. HP: 17/18 MP: 5/5
   612 | D:1      | Learned a level 2 spell: Wereblood
  1350 | D:2      | Reached XP level 3. HP: 23/23 MP: 6/6
  1789 | D:2      | Found Ydaoxo's Distillery.
  1809 | D:2      | Bought a potion of heal wounds for 55 gold pieces
  1857 | D:2      | Learned a level 3 spell: Spider Form
  2162 | D:2      | Found Ytebun's Assorted Antiques.
  2213 | D:2      | Reached XP level 4. HP: 27/29 MP: 5/7
  2250 | D:2      | Found Atugri Xeir's Antique Weapon Shop.
  2888 | D:3      | Found a faded altar of an unknown god.
  2888 | D:3      | Noticed an orange demon
  3042 | D:3      | Found a runed translucent door.
  3043 | D:3      | Noticed Crazy Yiuf
  3426 | D:3      | Noticed Sigmund
  3754 | D:3      | Killed Sigmund
  3755 | D:3      | Reached skill level 1 in Poison Magic
  3755 | D:3      | Reached XP level 5. HP: 26/35 MP: 7/9
  3755 | D:3      | Reached XP level 6. HP: 31/41 MP: 7/10
  4252 | D:4      | Reached skill level 4 in Unarmed Combat
  4532 | D:3      | HP: 2/41 [jelly (1)]
  4532 | D:3      | Splashed by a jelly's acid

Illustrated notes

Levels and vault maps discovered:
D:1:      grunt_arrival_lava_bath, layout_basic, serial_bayou_pond_b
D:2:      layout_basic, serial_shops, nicolae_square_shop,
          nicolae_shop_competitors_out_of_business, shop_fountains
D:3:      layout_basic, dreamdust_ecumenical_altar_sealed_demon, uniq_sigmund,
          uniq_crazy_yiuf_cottage
D:4:      layout_loops_cross

Skill      XL: |  1  2  3  4  5  6 |
---------------+-------------------+-----
Fighting       | 2 |  2.7
Dodging        | 3 |  3.2
Transmutations | 3 |  3.2
Poison Magic   | 1 2 |  2.1
Spellcasting   | 3 |  3.0
Unarmed Combat | 4 |  4.0

Action                   |  1- 3 |  4- 6 || total
-------------------------+-------+-------++-------
Melee: Dagger            |    86 |    66 ||   152
       Constrict         |    22 |    12 ||    34
       Tentacles         |    11 |    13 ||    24
       Kick              |    15 |    18 ||    33
       Unarmed           |     1 |       ||     1
       Punch             |     2 |     2 ||     4
Throw: Dart              |       |     9 ||     9
 Cast: Beastly Appendage |    18 |    15 ||    33
  Use: Potion            |       |     1 ||     1
 Stab: Sleeping          |     5 |     2 ||     7
Armor: Skin              |    10 |     3 ||    13
Dodge: Dodged            |    65 |    37 ||   102
Block: Other             |    15 |     8 ||    23

Table legend: (Time is in decaauts)
 A = Elapsed time spent in this place.
 B = Non-inter-level travel time spent in this place.
 C = Inter-level travel time spent in this place.
 D = Time resting spent in this place.
 E = Time spent auto-exploring this place.
 F = Levels seen in this place.
 G = Mean time per level.
                   A        B        C        D        E       F      G
               +--------+--------+--------+--------+--------+-----+--------+
         Total |   4532 |   4379 |    153 |   1352 |   2423 |   4 | 1133.0 |
       Dungeon |   4532 |   4379 |    153 |   1352 |   2423 |   4 | 1133.0 |
               +--------+--------+--------+--------+--------+-----+--------+

Top non-repeatable levels by time:
     D:3: 1680 daAuts
     D:2: 1616 daAuts
     D:1: 1183 daAuts
     D:4: 52 daAuts
